 Seeded DCSS version 0.30-a0-137-gd8773701ce (webtiles) character file.

Game seed: 20220921 (custom seed)

107 flotson the Sneak (level 4, -3/36 HPs)
             Began as a Demonspawn Delver on Sept 21, 2022.
             Slain by an orc
             ... wielding a +0 flail
              (7 damage)
             ... on level 3 of the Dungeon.
             The game lasted 00:04:29 (3366 turns).

flotson the Sneak (Demonspawn Delver)               Turns: 3366, Time: 00:04:30

Health: -3/36      AC:  6    Str: 14    XL:     4   Next: 57%
Magic:  4/4        EV: 11    Int: 12    God:
Gold:   104        SH:  0    Dex: 14    Spells: 3/3 levels left

rFire   . . .      SeeInvis .    v - +0 whip (flame)
rCold   . . .      Faith    .    (no shield)
rNeg    . . .      Spirit   .    u - +0 ring mail
rPois   .          Reflect  .    (no helmet)
rElec   .          Harm     .    (no cloak)
rCorr   .          Rampage  .    (no gloves)
Will    .....                    (no boots)
Stlth   ++........               (no amulet)
HPRegen 0.12/turn                (no ring)
MPRegen 0.18/turn                (no ring)

@: no status effects
A: rugged brown scales 1, magic regeneration
a: no special abilities


You were on level 3 of the Dungeon.
You visited 1 branch of the dungeon, and saw 5 of its levels.

You collected 104 gold pieces.

Inventory:

Hand Weapons
 a - a +0 hand axe
 v - a +0 whip of flaming (weapon)
Missiles
 k - a throwing net
 s - 2 poisoned darts (quivered)
Armour
 u - a +0 ring mail (worn)
Jewellery
 i - a ring of poison resistance
Wands
 g - a wand of digging (3)
 y - a wand of paralysis (10)
Scrolls
 b - a scroll of amnesia {unknown}
 c - a scroll of fog
 d - 3 scrolls of magic mapping
 e - 3 scrolls of fear
 f - 2 scrolls of torment {unknown}
 h - a scroll of teleportation {unknown}
 j - 7 scrolls of identify {unknown}
 n - a scroll of acquirement {unknown}
 p - a scroll of enchant weapon {unknown}
Potions
 l - a potion of resistance {unknown}
 m - 2 potions of ambrosia {unknown}
 o - 2 potions of might {unknown}
 q - a potion of magic {unknown}
 r - a potion of mutation {unknown}
 t - a potion of attraction {unknown}
 w - 2 potions of haste
 x - a potion of cancellation {unknown}
 z - a potion of curing {unknown}
 A - a potion of flight {unknown}


   Skills:
 + Level 3.5 Fighting
 + Level 2.4 Axes
 + Level 0.9 Throwing
 + Level 1.3 Armour
 + Level 2.4 Dodging
 - Level 4.5 Stealth
 + Level 1.5 Evocations


You had 3 spell levels left.
You didn't know any spells.
Your spell library contained the following spells:

 Spells                   Type           Power      Damage    Failure   Level
 Magic Dart               Conj           0%         1d3       56%         1
 Call Imp                 Summ           0%         N/A       71%         2
 Gell's Gravitas          Tloc           0%         N/A       90%         3
 Mephitic Cloud           Conj/Pois/Air  0%         N/A       90%         3
 Ozocubu's Armour         Ice            0%         N/A       90%         3
 Teleport Other           Tloc           0%         N/A       90%         3
 Dispersal                Tloc           0%         N/A       100%        6
 Ozocubu's Refrigeration  Ice            0%         4d7       100%        7


Dungeon Overview and Level Annotations

Branches:
Dungeon (5/15)
 Temple: D:4-7

Altars:

Shops:
D:1 [

Annotations:
D:3 2 transporters


Innate Abilities, Weirdness & Mutations

You are partially covered in rugged brown scales. (AC +1, +3% HP)
You regenerate magic rapidly.


Message History

The worm bites you!
* * * LOW HITPOINT WARNING * * *
You hit the worm but do no damage.
The worm is moderately wounded.
You hit the worm. You burn the worm.
The worm is heavily wounded.
The worm misses you.
Throw: 3 darts (poison)
Press: ? - help, Q - select action, (/) - cycle Shift-Dir - straight line, f - worm
Aim: a worm (moderately wounded, 78% to hit)
You throw a poisoned dart. The poisoned dart hits the worm.
The worm is poisoned.
The worm is moderately wounded.
The orc attacks as you move away! The orc barely misses you.
You hit the orc. You burn the orc.
The orc is severely wounded.
The orc closely misses you.
You completely miss the orc.
The orc is severely wounded.
The orc closely misses you.
You closely miss the orc.
The orc is severely wounded.
The orc barely misses you.
You barely miss the orc.
The orc is severely wounded.
The orc closely misses you.
You closely miss the orc.
The orc is severely wounded.
The orc barely misses you.
You closely miss the orc.
The orc is severely wounded.
The orc barely misses you.
You hit the orc but do no damage.
The orc is severely wounded.
The orc hits you but does no damage. The orc hits you with a +0 flail!
* * * LOW HITPOINT WARNING * * *
You hit the orc. You burn the orc.
The orc is almost dead.
The orc hits you with a +0 flail!
You die...

+# # #........# # ..# #####.
#####.#### ## ...# #.... #.####
##. ....# #..####### #.##.## ##..
.....####........####)#o..####...
.....†....(w.................'...
.....##.....####w######...####...
....# #...>.####o##.....©.....#..
...# #.......##@##.#########.##.
P.# #.....#.##.##.#8P.©.P8#.###
.# #.....#.##.##.#P../..P#.# # .
###........##.####+####.#
#####.#####.#5≈...≈.#.# #.#
#.#.≈...≈.#.# # #.# ≈~~P≈.#.###
#.# ≈~⌠~≈.#.... #.#
#.#.≈~~~≈5#.###


You could see a worm and an orc.

Vanquished Creatures
  A hound (D:5)
  3 adders (D:2)
  2 dart slugs
  7 bats
  An endoplasm (D:2)
  2 giant cockroaches (D:1)
  5 hobgoblins
  2 quokkas
  8 ball pythons
  4 frilled lizards
  5 goblins
  6 kobolds
  2 rats
48 creatures vanquished.

Vanquished Creatures (others)
  2 fungi (D:3)
  2 plants (D:1)
4 creatures vanquished.

Grand Total: 52 creatures vanquished

Notes
Turn   | Place    | Note
-------+----------+-------------------------------------------
     0 | D:5      | flotson the Demonspawn Delver began the quest for the Orb.
     0 | D:5      | Reached XP level 1. HP: 18/18 MP: 1/1
   217 | D:5      | Noticed a centaur
   245 | D:5      | Noticed an ogre
   327 | D:3      | Found a transporter.
   331 | D:3      | Noticed a kobold demonologist
   474 | D:3      | Noticed an orc priest
   744 | D:2      | Gained mutation: You are partially covered in rugged brown
                  | scales. (AC +1, +3% HP) [demonic ancestry]
   744 | D:2      | Reached XP level 2. HP: 5/24 MP: 2/2
  1041 | D:1      | Found Vuumusi's Antique Armour Shoppe.
  1283 | D:1      | Reached skill level 1 in Evocations
  1593 | D:1      | Reached XP level 3. HP: 23/29 MP: 3/3
  2539 | D:2      | Reached skill level 1 in Armour
  3035 | D:2      | Gained mutation: You regenerate magic rapidly. [demonic
                  | ancestry]
  3035 | D:2      | Reached XP level 4. HP: 36/36 MP: 4/4
  3175 | D:3      | Found a transporter.
  3218 | D:3      | You fall into a shaft and drop 2 floors!
  3366 | D:3      | Slain by an orc

Illustrated notes

Levels and vault maps discovered:
D:1:      saegor_arrival_simple_e, layout_basic, serial_shops, shop_statue,
          minmay_statues_item, serial_bayou_pond_a
D:2:      layout_basic
D:3:      gammafunk_wand_slinger, layout_loops_corners,
          nicolae_dithmenos_through_a_glass_darkly,
          ebering_ecumenical_altar_abandoned, guppyfry_early_lair_pool,
          uniq_crazy_yiuf_cottage
D:4:      layout_loops_cross, vehumet_altar_wand_db,
          nicolae_ossuary_entry_false_entrances
D:5:      layout_loops_corners, grunt_decor_cap, minmay_shop_damaged

Skill      XL: |  1  2  3 |
---------------+----------+-----
Axes           | 2 |  2.4
Dodging        | 2 |  2.4
Evocations     | 1 |  1.5
Armour         | 1 |  1.3
Fighting       | |  3.5
Throwing       | |  0.9
Stealth        | |  4.5

Action                   |  1- 3 |  4- 6 || total
-------------------------+-------+-------++-------
Melee: Hand axe          |   115 |       ||   115
       Whip              |    49 |    44 ||    93
Throw: Dart              |       |     1 ||     1
  Use: Potion            |     1 |       ||     1
 Stab: Sleeping          |     9 |     2 ||    11
Armor: Leather armour    |    43 |       ||    43
       Ring mail         |    17 |    10 ||    27
Dodge: Dodged            |   109 |    29 ||   138

Table legend: (Time is in decaauts)
 A = Elapsed time spent in this place.
 B = Non-inter-level travel time spent in this place.
 C = Inter-level travel time spent in this place.
 D = Time resting spent in this place.
 E = Time spent auto-exploring this place.
 F = Levels seen in this place.
 G = Mean time per level.
                   A        B        C        D        E       F      G
               +--------+--------+--------+--------+--------+-----+--------+
         Total |   3375 |   3258 |    117 |     91 |   2537 |   5 |  675.0 |
       Dungeon |   3375 |   3258 |    117 |     91 |   2537 |   5 |  675.0 |
               +--------+--------+--------+--------+--------+-----+--------+

Top non-repeatable levels by time:
     D:1: 1367 daAuts
     D:2: 1258 daAuts
     D:5: 396 daAuts
     D:3: 339 daAuts
     D:4: 14 daAuts
